 Dungeon Crawl Stone Soup version 0.23-a0-470-g6f7cfd9 (webtiles) character file.

111 Amnesiac the Ducker (level 4, 0/28 HPs)
             Began as a Deep Elf Fighter on Nov 26, 2018.
             Succumbed to a worker ant's poison
             ... on level 4 of the Dungeon.
             The game lasted 00:02:13 (653 turns).

Amnesiac the Ducker (Deep Elf Fighter)               Turns: 653, Time: 00:02:14

Health: 0/28       AC:  6    Str: 18 (19) XL:     4   Next: 62%
Magic:  6/6        EV:  8    Int: 11 (13) God:
Gold:   73         SH:  8    Dex: 11 (14) Spells: 3/3 levels left

rFire    . . .     SeeInvis .   a - +0 long sword
rCold    . . .     Gourm    .   c - +0 shield
rNeg     . . .     Faith    .   b - +0 scale mail
rPois    .         Spirit   .   (no helmet)
rElec    .         Reflect  .   (no cloak)
rCorr    .         Harm     .   (no gloves)
MR       .....                  (no boots)
Stlth    ..........             (no amulet)
HPRegen  0.09/turn              (no ring)
MPRegen  0.10/turn              (no ring)

@: mighty, lethally poisoned (0 -> -20)
A: no striking features
a: no special abilities


You were on level 4 of the Dungeon.
You were not hungry.

You visited 1 branch of the dungeon, and saw 4 of its levels.

You collected 73 gold pieces.

Inventory:

Hand Weapons
 a - a +0 long sword (weapon)
 e - a +0 dagger of protection
Missiles
 j - 21 arrows
Armour
 b - a +0 scale mail (worn)
 c - a +0 shield (worn)
 l - a +0 chain mail
Scrolls
 h - a scroll of identify {!r, unknown}
 k - a scroll of enchant weapon {!r, unknown}
Comestibles
 f - 3 rations
 g - 7 chunks of flesh


   Skills:
 * Level 3.1 Fighting
 - Level 2.0 Long Blades
 * Level 3.1 Armour
 + Level 3.1 Dodging
 - Level 2.4 Shields


You had 3 spell levels left.
You didn't know any spells.
Your spell library contained the following spells:

 Spells                   Type           Power        Failure   Level  Hunger
 Summon Small Mammal      Summ           #...         99%         1    ##.....
 Call Imp                 Summ           #.......     100%        2    ###....
 Call Canine Familiar     Summ           #.......     100%        3    ####...
 Summon Guardian Golem    Hex/Summ       #.......     100%        3    ####...
 Summon Ice Beast         Ice/Summ       #.......     100%        4    #####..
 Summon Lightning Spire   Summ/Air       #.......     100%        4    #####..


Dungeon Overview and Level Annotations

Branches:
Dungeon (4/15)
 Temple: D:4-7

Altars:
Elyvilon
Makhleb


Message History

You slash the worm!
You kill the worm!
No target in view!
No target in view!
You start resting.
HP restored.
You see here a jackal corpse.
You butcher the jackal corpse.
g - 3 chunks of flesh You see here a jackal skeleton.
You see here a jackal corpse.
You butcher the jackal corpse.
g - 5 chunks of flesh (gained 2)
You see here a jackal skeleton.
g - 7 chunks of flesh (gained 2)
You see here a quokka skeleton.
Found 2 rations and a leatherbound book.
k - a scroll labeled POEFID UCS {!r} A worker ant comes into view.
You see here a chain mail.
l - a chain mail The worker ant twitches its antennae in your direction.
You see here a book of Callings.
You pick up a book of Callings and begin reading...
You add the spells Summon Small Mammal, Call Imp, Call Canine Familiar, Summon This spell is impossible to cast!
Memorise Call Imp, consuming 2 spell levels and leaving 1?
You start memorising the spell.
You continue memorising. x2
The worker ant bites you.
You are poisoned.
The worker ant poisons you!
Your memorisation is interrupted.
You closely miss the worker ant.
You feel sick. You block the worker ant's attack.
You barely miss the worker ant. The worker ant bites you.
You are lethally poisoned!
The worker ant poisons you! The worker ant bites you.
* * * LOW HITPOINT WARNING * * *
You closely miss the worker ant.
* * * LOW HITPOINT WARNING * * *
You feel sick. You block the worker ant's attack.
The worker ant bites you but does no damage.
You hit the worker ant.
The worker ant is moderately wounded.
* * * LOW HITPOINT WARNING * * *
You feel sick. You block the worker ant's attack.
You are too injured to fight recklessly!
You are too injured to fight recklessly!
You hit the worker ant but do no damage.
The worker ant is moderately wounded.
* * * LOW HITPOINT WARNING * * *
You feel sick. The worker ant barely misses you.
You block the worker ant's attack.
Really quaff
i - a lumpy silvery potion {!q}?
It was a potion of degeneration {!q}.
There was something very wrong with that liquid.
You feel weakened.
You feel dopey.
You feel clumsy.
* * * LOW HITPOINT WARNING * * *
You feel sick. The worker ant bites you.
* * * LOW HITPOINT WARNING * * *
You are more poisoned.
The worker ant poisons you!
Really quaff
d - a potion of might {!q}?
You feel very mighty all of a sudden.
You die...

...........#..?....##
................#....
......................
......................
.................$....
....................
...........#.....
.......a..###....
.....#.@.## #.#
.....##### ##... ...


You could see a worker ant.

Vanquished Creatures
  A howler monkey (D:3)
  Jessica (D:2)
  2 adders
  A worm (D:4)
  2 goblins (D:1)
  3 hobgoblins (D:1)
  10 jackals
  2 kobolds
  2 quokkas (D:4)
  A bat (D:1)
  2 rats (D:1)
27 creatures vanquished.

Notes
Turn   | Place    | Note
-------+----------+-------------------------------------------
     0 | D:1      | Amnesiac the Deep Elf Fighter began the quest for the Orb.
     0 | D:1      | Reached XP level 1. HP: 13/13 MP: 3/3
    87 | D:1      | Reached skill level 1 in Dodging
   136 | D:1      | Reached XP level 2. HP: 14/18 MP: 4/4
   196 | D:2      | Noticed Jessica
   197 | D:2      | Found a white marble altar of Elyvilon.
   214 | D:2      | Killed Jessica
   214 | D:2      | Reached XP level 3. HP: 22/22 MP: 5/5
   240 | D:3      | Found a burning altar of Makhleb.
   409 | D:3      | Reached XP level 4. HP: 21/28 MP: 6/6
   652 | D:4      | HP: 1/28 [worker ant (3)]
   653 | D:4      | Succumbed to a worker ant's poison

Vault maps used:
D:1:      wander_arrival_peaceful_grave
D:2:      nicolae_qazlal_general_emergency, kennysheep_slug_shrine,
          first_ration, minmay_liquid_box, elyvilon_altar_5, uniq_jessica
D:3:      grunt_temple_overflow_order_and_chaos_2,
          nicolae_gozag_zags_fifth_avenue
D:4:      nicolae_ru_sacrificial_ziggurat

Skill      XL: |  1  2  3 |
---------------+----------+-----
Long Blades    | 2 |  2.0
Dodging        | 1 2 3 |  3.1
Fighting       | 3 |  3.1
Armour         | 3 |  3.1
Shields        | |  2.4

Action                   |  1- 3 |  4- 6 || total
-------------------------+-------+-------++-------
Melee: Long sword        |    78 |    28 ||   106
  Use: Potion            |       |     2 ||     2
Armor: Scale mail        |    37 |    13 ||    50
Dodge: Dodged            |    37 |    13 ||    50
Block: Shield            |    42 |    18 ||    60
       Rpst.: Long sword |     9 |     5 ||    14

Table legend:
 A = Non-vault XP
 B = Vault XP
 C = Vault XP percentage of total XP
 D = Non-vault monster count
 E = Vault monster count
 F = Vault count percentage of total count
                 A         B        C        D         E       F
            +---------+---------+-------+---------+---------+-------
      Total |     122 |      37 |  23.3 |      26 |       1 |   3.7
            +---------+---------+-------+---------+---------+-------
        D:1 |      13 |       0 |   0.0 |       8 |       0 |   0.0
        D:2 |      15 |      37 |  71.2 |       2 |       1 |  33.3
        D:3 |      75 |       0 |   0.0 |       8 |       0 |   0.0
        D:4 |      19 |       0 |   0.0 |       8 |       0 |   0.0
            +---------+---------+-------+---------+---------+-------
